Map: Ulrena

Players

LilDicky

  • Race: Terran Terran
  • League: Diamond

zeakybeaver - Winner!

  • Race: Zerg Zerg
  • League: Diamond

VOD

http://www.twitch.tv/tumescentpie

Description

Time

  • Played on: Nov. 22, 2015, 11 p.m.
  • Length: 4:07
Show
View Real Time Build Order
Export as new Build Order

LilDicky Terran 

Build Orders:  

Get SALT Encoding   

  12  0:01  SCV  
  13  0:13  SCV  
  14  0:20  Supply Depot  
  14  0:25  SCV  
  15  0:42  SCV  
  16  0:43  Barracks  
  16  0:54  SCV  
  17  1:06  SCV  
  18  1:18  SCV  
  19  1:30  SCV, Barracks x2  
  19  1:31  Supply Depot, Marine  
  21  1:43  Orbital Command  
  21  1:50  Marine  
  22  1:58  Barracks  
  22  2:01  Barracks  
  22  2:08  Marine  
  22  2:13  SCV  
  24  2:16  Marine  
  25  2:25  SCV  
  25  2:26  Marine  
  27  2:31  Marine  
  27  2:34  Marine  
  29  2:44  Marine  
  29  2:46  Supply Depot  
  29  2:47  Marine  
  31  3:07  Marine x5  
  31  3:08  SCV  
  37  3:20  SCV  
  37  3:25  Marine  
  39  3:29  Command Center  
  39  3:31  Supply Depot  
  39  3:45  Marine  
  39  3:46  Marine  
  39  3:47  Marine  
  39  3:49  Marine x2  
Show
View Real Time Build Order
Export as new Build Order

zeakybeaver Zerg - Winner!

Build Orders: Hatch First 

Get SALT Encoding   

  12  0:01  Drone  
  13  0:08  Drone  
  13  0:13  Extractor  
  13  0:15  Drone  
  15  0:22  Overlord  
  15  0:40  Drone  
  15  0:41  Drone  
  17  0:54  Hatchery  
  17  0:56  Drone  
  17  1:00  Drone  
  18  1:04  Extractor  
  17  1:17  Spawning Pool  
  17  1:18  Drone  
  17  1:24  Drone  
  18  1:28  Drone  
  19  1:39  Overlord  
  19  2:04  Zergling x2  
  19  2:06  Metabolic Boost  
  20  2:08  Drone x2  
  20  2:09  Queen  
  20  2:10  Queen  
  26  2:16  Drone  
  26  2:18  Drone  
  28  2:24  Drone  
  28  2:29  Drone  
  30  2:34  Drone  
  31  2:37  Roach Warren  
  31  2:40  Drone  
  31  2:43  Drone  
  32  2:52  Drone  
  32  2:54  Drone  
  34  3:01  Overlord  
  34  3:11  Overlord x2  
  34  3:18  Overlord  
  34  3:20  Roach x4  
  34  3:22  Roach  
  43  3:27  Zergling x2  
  43  3:32  Zergling x4  
  46  3:42  Zergling x4  
  47  3:49  Zergling x2  
  47  3:54  Ravager  
  47  3:55  Ravager  
Tags
 
Add a new tag
Caveats
  • Supply blocks, unpowered buildings, or Contaminate may cause inaccurate times.
  • Supply counts are checked every 10 seconds.